 Dungeon Crawl Stone Soup version 0.32-a0-540-g866d13106e (webtiles) character file.

Game seed: 7989687686828210832

163 retardedninja the Trooper (level 5, -2/47 HPs)
             Began as a Mountain Dwarf Fighter on Feb 28, 2024.
             Was a Believer of Cheibriados.
             Incinerated by a bombardier beetle (6 damage)
             ... with a burning spray
             ... on level 3 of the Dungeon.
             The game lasted 00:03:51 (1955 turns).

retardedninja the Trooper (Mountain Dwarf Fighter)  Turns: 1955, Time: 00:03:51

Health: -2/47      AC: 11    Str: 27    XL:     5   Next: 20%
Magic:  5/5        EV:  8    Int: 12    God:    Cheibriados [**....]
Gold:   123        SH:  5    Dex: 13    Spells: 4/4 levels left

rFire   . . .        a - +0 war axe
rCold   . . .        c - +0 buckler
rNeg    . . .        d - +2 chain mail of the Iron City of Dis {rElec Str+2}
rPois   .            (no helmet)
rElec   +            (no cloak)
rCorr   .            (no gloves)
SInv    .            (no boots)
Will    .....        (no amulet) Stlth
                     (no ring)
HPRegen 0.27/turn    (no ring)
MPRegen 0.09/turn

%: no passive effects
@: on fire, glowing, very slow
A: runic magic, artefact enchanting
a: Renounce Religion, Bend Time


You were on level 3 of the Dungeon.
You worshipped Cheibriados.
Cheibriados was pleased with you.
You visited 1 branch of the dungeon, and saw 3 of its levels.

You collected 123 gold pieces.

Inventory:

Hand Weapons
 a - a +0 war axe (weapon)
Armour
 c - a +0 buckler (worn)
 d - the +2 chain mail of the Iron City of Dis (worn) {rElec Str+2}
   (You found it on level 2 of the Dungeon)

   Str+2:     It affects your strength (+2).
   rElec:     It insulates you from electricity.
Talismans
 e - a beast talisman
Scrolls
 b - a scroll of enchant weapon {unknown}
 f - a scroll of vulnerability {unknown}
 g - a scroll of revelation {unknown}
 h - a scroll of poison {unknown}
 i - a scroll of enchant armour {unknown}
 k - a scroll of teleportation {unknown}
Potions
 j - a potion of brilliance {unknown}


   Skills:
 + Level 4.3 Fighting
 + Level 3.9 Axes
 + Level 4.2 Armour
 + Level 4.3 Shields


You had 4 spell levels left.
You didn't know any spells.
Your spell library was empty.

Dungeon Overview and Level Annotations

Branches:
Dungeon (3/15)

Altars:
Cheibriados

Shops:
D:2 (


Innate Abilities, Weirdness & Mutations

Your spellcasting is much less encumbered by armour.
You can use scrolls of enchantment on lesser artefacts.


Message History

The burning spray hits you.
You are covered in liquid fire!
You shake off some of the fire as you move.
The liquid fire burns you!
Things that are here:
a +0 scale mail; an adder corpse You hit the bombardier beetle.
The bombardier beetle is moderately wounded.
The liquid fire burns you!
The bombardier beetle bites you but does no damage.
You hit the bombardier beetle.
The bombardier beetle is heavily wounded.
The liquid fire burns you!
You block the bombardier beetle's attack.
You barely miss the bombardier beetle.
The bombardier beetle is heavily wounded.
The liquid fire burns you!
The bombardier beetle bites you but does no damage.
You hit the bombardier beetle.
The bombardier beetle is heavily wounded.
The liquid fire burns you!
You block the bombardier beetle's attack.
You barely miss the bombardier beetle.
The bombardier beetle is heavily wounded.
The liquid fire burns you!
* * * LOW HITPOINT WARNING * * *
You hit the bombardier beetle.
The bombardier beetle is almost dead.
The bombardier beetle sprays incendiary fluid at you.
The burning spray hits you.
You are covered in liquid fire!
You slash the bombardier beetle!
You kill the bombardier beetle!
The liquid fire burns you!
* * * LOW HITPOINT WARNING * * *
You have reached level 5!
You shake off some of the fire as you move.
The liquid fire burns you!
You die...
Cheibriados appreciates the motionlessness of death.

####.#<#.#..####..#
. ...............#
####.....#######..#
......... #..# .#
#..######.###..# .#
#..# .........# ##
.........# .
##.####[## # .. #@#
# #.# . ... . .....
. ......# #
.......# #####.###
#.#


There were no monsters in sight!

Vanquished Creatures
  2 bombardier beetles
  4 adders
  4 dart slugs
  A ribbon worm (D:2)
  5 endoplasms
  2 giant cockroaches (D:1)
  2 goblins (D:2)
  7 hobgoblins
  5 jackals
  A quokka (D:3)
  3 ball pythons
  4 bats
  2 frilled lizards
  6 kobolds
  3 rats
51 creatures vanquished.

Notes
Turn   | Place    | Note
-------+----------+-------------------------------------------
     0 | D:1      | retardedninja the Mountain Dwarf Fighter began the quest
                  | for the Orb.
     0 | D:1      | Reached XP level 1. HP: 19/19 MP: 1/1
    96 | D:1      | Reached XP level 2. HP: 26/26 MP: 2/2
   731 | D:2      | Found a faded altar of an unknown god.
   765 | D:2      | Prayed at the altar of an unknown god.
   765 | D:2      | Became a worshipper of Cheibriados the Contemplative
   765 | D:2      | Reached * piety under Cheibriados
   856 | D:2      | Reached XP level 3. HP: 32/33 MP: 3/3
   861 | D:2      | Found Tum Xinacs's Weapon Shoppe.
   950 | D:2      | Reached XP level 4. HP: 15/40 MP: 4/4
  1399 | D:2      | Identified the +2 chain mail of the Iron City of Dis {rElec
                  | Str+2}
  1632 | D:3      | Reached ** piety under Cheibriados
  1805 | D:3      | Identified the +1 ring mail "Cempiruu" {Rampage Str+2}
  1955 | D:3      | Reached XP level 5. HP: 4/47 MP: 5/5
  1955 | D:3      | Incinerated by a bombardier beetle

Illustrated notes

Levels and vault maps discovered:
D:1:      sevenhm_arrival_forest_fort_large_3, layout_basic, serial_glass,
          glass_columns_b, glass_columns_a
D:2:      layout_loops_ring, ebering_ecumenical_altar_petrified, serial_shops,
          shop
D:3:      layout_basic

Skill      XL: |  1  2  3  4 |
---------------+-------------+-----
Axes           | 3 |  3.9
Fighting       | 4 |  4.3
Shields        | 4 |  4.3
Armour         | 4 |  4.2

Action                     |  1- 3 |  4- 6 || total
---------------------------+-------+-------++-------
  Melee: War axe           |   105 |    60 ||   165
    Use: Potion            |     1 |       ||     1
 Armour: Scale mail        |    70 |     7 ||    77
         Chain mail        |       |    34 ||    34
  Dodge: Dodged            |    37 |    21 ||    58
  Block: Buckler           |    20 |    21 ||    41
         Form:             |     1 |       ||     1
         Beast             |     1 |       ||     1

Table legend: (Time is in decaauts)
 A = Elapsed time spent in this place.
 B = Non-inter-level travel time spent in this place.
 C = Inter-level travel time spent in this place.
 D = Time resting spent in this place.
 E = Time spent auto-exploring this place.
 F = Levels seen in this place.
 G = Mean time per level.
                   A        B        C        D        E       F      G
               +--------+--------+--------+--------+--------+-----+--------+
         Total |   2328 |   2262 |     66 |    226 |   1515 |   3 |  776.0 |
       Dungeon |   2328 |   2262 |     66 |    226 |   1515 |   3 |  776.0 |
               +--------+--------+--------+--------+--------+-----+--------+

Top non-repeatable levels by time:
     D:2: 1160 daAuts
     D:1: 712 daAuts
     D:3: 455 daAuts
